 Dungeon Crawl Stone Soup version 0.30-b1-2-g02819fbbbe (webtiles) character file.

Game seed: 15668994508435506586

862418 manyhoops the Metallomancer (level 27, -4/312 HPs)
             Began as a Demigod Earth Elementalist on Dec 4, 2023.
             Killed by a royal mummy's death curse (31 damage)
             ... on level 3 of the Tomb of the Ancients.
             The game lasted 04:17:04 (110631 turns).

manyhoops the Metallomancer (DgEE)                Turns: 110631, Time: 04:17:04

Health: -4/312     AC: 42    Str:  9    XL:     27
Magic:  6/70       EV: 14    Int: 55    God:
Gold:   7066       SH:  8    Dex: 14    Spells: 11/64 levels left

rFire   + + .        j - staff of earth
rCold   + + +        i - +3 buckler {rC+ rF+}
rNeg    + + +        q - melded quicksilver dragon scales "Qomahu" {rElec Will+ Regen+ Str+6 Slay-4}
rPois   ∞            z - +2 hat of the Turtledove {rC+ rN+ MP+9 Int-5}
rElec   +            w - +2 cloak {Will+}
rCorr   .            f - melded +3 pair of gloves of Jaopt {rElec rF+ Str+3 Stlth+}
SInv    +            M - melded +2 pair of boots of Dim Light {rC+ Str+4}
Will    +++..        s - amulet of Jyntiez {RegenMP rC+ Int-3 SInv}
Stlth   ++++++++     J - ring "Oneugos" {Drain rElec MP+9 Int+4}
HPRegen 0.72/turn    T - ring "Etyatie" {Drain rF+ rN+ Int+6}
MPRegen 0.82/turn

%: no passive effects
@: statue-form, marked, slowed, studying 3 skills, very slow
A: slow and powerful, torment resistance 1, boosted hp, high MP 1, forlorn,
divine attributes, horns 1, MP-powered wands
}: 9/15 runes: decaying, serpentine, slimy, silver, demonic, glowing, magical,
fiery, dark
a: End Transformation


You were on level 3 of the Tomb of the Ancients.
You were a living statue of rough stone.
You visited 11 branches of the dungeon, and saw 53 of its levels.
You visited Pandemonium 1 time, and saw 26 of its levels.
You visited 3 bazaars.
You also visited: Ice Cave and Wizlab.

You collected 12183 gold pieces.
You spent 5117 gold pieces at shops.

Inventory:

Hand Weapons
 Y - the +2 morningstar of Reinforcement {flame, rElec rPois MP+9 Str+2}
   (You bought it in a shop on level 2 of the Orcish Mines)

   Str:       It affects your strength (+2).
   rElec:     It insulates you from electricity.
   rPois:     It protects you from poison.
   MP:        It affects your magic capacity (+9).
Missiles
 o - 6 throwing nets
Armour
 a - the +2 helmet of Meyvugg {rF+ rN+ Dex+3}
   (You found it on level 4 of the Lair of Beasts)

   Dex:       It affects your dexterity (+3).
   rF:        It protects you from fire.
   rN:        It protects you from negative energy.
 f - the +3 pair of gloves of Jaopt (melded) {rElec rF+ Str+3 Stlth+}
   (You acquired it on level 2 of the Dungeon)

   Str:       It affects your strength (+3).
   rF:        It protects you from fire.
   rElec:     It insulates you from electricity.
   Stlth:     It makes you more stealthy.
 i - a +3 buckler of resistance (worn)
 q - the quicksilver dragon scales "Qomahu" (melded) {rElec Will+ Regen+ Str+6 Slay-4}
   (You found it on level 5 of the Pits of Slime)

   Str:       It affects your strength (+6).
   Slay:      It affects your accuracy & damage with ranged weapons and melee
   (-4).
   rElec:     It insulates you from electricity.
   Regen:     It increases your rate of health regeneration.
   Will:      It increases your willpower.
 w - a +2 cloak of willpower (worn)
 x - a +3 buckler of poison resistance
 z - the +2 hat of the Turtledove (worn) {rC+ rN+ MP+9 Int-5}
   (You found it on level 5 of the Pits of Slime)

   Int:       It affects your intelligence (-5).
   rC:        It protects you from cold.
   rN:        It protects you from negative energy.
   MP:        It affects your magic capacity (+9).
 M - the +2 pair of boots of Dim Light (melded) {rC+ Str+4}
   (You acquired it on level 2 of the Swamp)

   Str:       It affects your strength (+4).
   rC:        It protects you from cold.
Magical Staves
 j - a staff of earth (weapon)
Jewellery
 n - an amulet of magic regeneration
 p - a ring of magical power
 s - the amulet of Jyntiez (around neck) {RegenMP rC+ Int-3 SInv}
   (You took it off an orc on level 5 of the Vaults)

   [amulet of magic regeneration]

   It increases your rate of magic regeneration.
   Int:       It affects your intelligence (-3).
   rC:        It protects you from cold.
   SInv:      It lets you see invisible.
 I - a ring of see invisible
 J - the ring "Oneugos" (left fist) {Drain rElec MP+9 Int+4}
   (You found it on level 3 of the Crypt)

   [ring of magical power]

   Int:       It affects your intelligence (+4).
   rElec:     It insulates you from electricity.
   MP:        It affects your magic capacity (+9).
   Drain:     It drains your maximum health when unequipped.
 T - the ring "Etyatie" (right fist) {Drain rF+ rN+ Int+6}
   (You bought it in a shop in a bazaar)

   [ring of intelligence]

   Int:       It affects your intelligence (+6).
   rF:        It protects you from fire.
   rN:        It protects you from negative energy.
   Drain:     It drains your maximum health when unequipped.
 V - the ring "Nytim" {Fly rF+ Int+3}
   (You bought it in a shop on level 1 of the Elven Halls)

   [ring of flight]

   Int:       It affects your intelligence (+3).
   rF:        It protects you from fire.
   Fly:       It grants you flight.
 W - a ring of protection from cold
 Z - a ring of wizardry
Wands
 y - a wand of acid (23)
 B - a wand of flame (114)
 D - a wand of digging (13)
 O - a wand of charming (33)
 S - a wand of roots (43)
 X - a wand of mindburst (45)
Scrolls
 d - 11 scrolls of fog
 g - 9 scrolls of immolation
 h - 8 scrolls of teleportation
 m - 5 scrolls of silence
 r - 4 scrolls of torment
 t - 5 scrolls of fear
 v - 3 scrolls of summoning
 P - 15 scrolls of poison
 U - 4 scrolls of amnesia
Potions
 b - 16 potions of mutation
 c - 22 potions of curing
 e - 6 potions of flight
 l - 2 potions of haste
 u - 2 potions of invisibility
 A - 7 potions of cancellation
 C - 10 potions of heal wounds
 F - 9 potions of resistance
 G - 3 potions of magic
 H - 7 potions of might
 K - 11 potions of lignification
 L - 2 potions of ambrosia
 N - 2 potions of berserk rage
 R - 11 potions of brilliance
Miscellaneous
 k - a lightning rod (4/4)
 Q - a phantom mirror


   Skills:
 - Level 18.7 Fighting
 - Level 4.4 Maces & Flails
 - Level 13.1 Armour
 - Level 7.1 Dodging
 - Level 22.3 Stealth
 - Level 6.1 Shields
 - Level 19.0 Spellcasting
 - Level 16.1 Conjurations
 - Level 4.6 Necromancy
 - Level 2.1 Transmutations
 - Level 7.7 Ice Magic
 - Level 3.3 Air Magic
 + Level 26.2 Earth Magic
 - Level 8.3 Evocations


You had 11 spell levels left.
You knew the following spells:

 Your Spells              Type           Power      Damage    Failure   Level
a - Sandblast             Erth           100%       2d20      0%          1
b - Lehudib's Crystal Sp  Conj/Erth      81%        10d18     1%          8
c - Stone Arrow           Conj/Erth      100%       3d13      0%          3
d - Shatter               Erth           87%        3d63*     1%          9
e - Swiftness             Air            73%        N/A       1%          3
f - Borgnjor's Vile Clut  Necr/Erth      73%        N/A       1%          5
g - Passwall              Tmut/Erth      100%       N/A       0%          2
h - Freezing Cloud        Conj/Ice/Air   50%        6-21      1%          5
i - Lee's Rapid Deconstr  Erth           87%        3d38*     0%          5
j - Statue Form           Tmut/Erth      94%        N/A       1%          6
v - Iron Shot             Conj/Erth      81%        9d15      0%          6

Your spell library contained the following spells:

 Spells                   Type           Power      Damage    Failure   Level
 Kiss of Death            Conj/Necr      100%       2d13      0%          1
 Magic Dart               Conj           100%       1d8       0%          1
 Searing Ray              Conj           100%       2d8       0%          2
 Hailstorm                Conj/Ice       100%       3d20      0%          3
 Animate Armour           Summ/Erth      100%       N/A       0%          4
 Leda's Liquefaction      Hex/Erth       69%        N/A       0%          4
 Petrify                  Tmut/Erth      100%       N/A       0%          4
 Iskenderun's Battlesphe  Conj           100%       2d15      0%          5
 Beastly Appendage        Tmut           100%       N/A       1%          1
 Necrotise                Necr           100%       1d9       1%          1
 Sting                    Tmut/Pois      100%       1d8       1%          1
 Blink                    Tloc           100%       N/A       1%          2
 Call Imp                 Summ           100%       N/A       1%          2
 Cigotuvi's Dreadful Rot  Necr/Pois/Air  100%       N/A       1%          2
 Ensorcelled Hibernation  Hex/Ice        100%       N/A       1%          2
 Lesser Beckoning         Tloc           100%       N/A       1%          2
 Poisonous Vapours        Pois/Air       100%       N/A       1%          2
 Sublimation of Blood     Necr           80%        N/A       1%          2
 Wereblood                Tmut           66%        N/A       1%          2
 Call Canine Familiar     Summ           51%        N/A       1%          3
 Dazzling Flash           Conj/Hex       100%       N/A       1%          3
 Frozen Ramparts          Ice            100%       1d16      1%          3
 Gell's Gravitas          Tloc           51%        N/A       1%          3
 Ignite Poison            Fire/Tmut/Pois 56%        N/A       1%          3
 Inner Flame              Hex/Fire       51%        N/A       1%          3
 Mephitic Cloud           Conj/Pois/Air  89%        N/A       1%          3
 Ozocubu's Armour         Ice            95%        N/A       1%          3
 Portal Projectile        Hex/Tloc       100%       N/A       1%          3
 Spider Form              Tmut/Pois      59%        N/A       1%          3
 Summon Guardian Golem    Hex/Summ       51%        N/A       1%          3
 Teleport Other           Tloc           51%        N/A       1%          3
 Tukima's Dance           Hex            51%        N/A       1%          3
 Vhi's Electric Charge    Tloc/Air       100%       N/A       1%          3
 Volatile Blastmotes      Fire/Tloc      100%       2d18      1%          3
 Anguish                  Hex/Necr       33%        N/A       1%          4
 Dispel Undead            Necr           80%        3d26      1%          4
 Flame Wave               Conj/Fire      96%        2d20      1%          4
 Fulminant Prism          Conj/Hex       48%        3d21      1%          4
 Ice Form                 Ice/Tmut       82%        N/A       1%          4
 Iskenderun's Mystic Bla  Conj/Tloc      96%        2d19      1%          4
 Sticky Flame             Conj/Fire      96%        2d11      1%          4
 Summon Ice Beast         Ice/Summ       76%        N/A       1%          4
 Arcjolt                  Conj/Air       51%        1d61      1%          5
 Fireball                 Conj/Fire      48%        3d19      1%          5
 Irradiate                Conj/Tmut      50%        3d28      1%          5
 Metabolic Englaciation   Hex/Ice        38%        N/A       1%          5
 Conjure Ball Lightning   Conj/Air       51%        3x3d18    1%          6
 Starburst                Conj/Fire      48%        6d13      1%          6
 Orb of Destruction       Conj           62%        9d15      1%          7
 Cause Fear               Hex            25%        N/A       3%          4
 Manifold Assault         Tloc           51%        N/A       3%          4
 Olgreb's Toxic Radiance  Pois           51%        N/A       3%          4
 Blade Hands              Tmut           33%        N/A       4%          5
 Simulacrum               Ice/Necr       44%        N/A       4%          6
 Alistair's Intoxication  Tmut/Pois      39%        N/A       6%          5
 Death Channel            Necr           40%        N/A       9%          6
 Summon Mana Viper        Hex/Summ       51%        N/A       10%         5
 Spellforged Servitor     Conj/Summ      48%        N/A       11%         7
 Ozocubu's Refrigeration  Ice            47%        4d18      13%         7
 Plasma Beam              Fire/Air       31%        2x1d48    26%         6
 Eringya's Noxious Bog    Tmut/Pois      29%        N/A       34%         6
 Dispersal                Tloc           25%        N/A       47%         6
 Storm Form               Tmut/Air       35%        N/A       69%         7
 Haunt                    Necr/Summ      33%        N/A       75%         7
 Dragon Form              Tmut           33%        N/A       77%         7
 Enfeeble                 Hex            25%        N/A       96%         7
 Monstrous Menagerie      Summ           25%        N/A       96%         7
 Summon Hydra             Summ           25%        N/A       96%         7
 Borgnjor's Revivificati  Necr           40%        N/A       98%         8
 Infestation              Necr           40%        N/A       98%         8
 Maxwell's Capacitive Co  Air            36%        ∞         99%         8
 Necromutation            Tmut/Necr      37%        N/A       99%         8
 Disjunction              Tloc           25%        N/A       100%        8
 Ignition                 Fire           25%        3d9       100%        8
 Death's Door             Necr           40%        N/A       100%        9
 Dragon's Call            Summ           25%        N/A       100%        9
 Polar Vortex             Ice            47%        N/A       100%        9


Dungeon Overview and Level Annotations

Branches:
Dungeon (15/15)            Temple (0/1) D:6            Lair (5/5) D:11
  Swamp (4/4) Lair:3        Snake (4/4) Lair:3        Slime (5/5) Lair:4
    Orc (2/2) D:11            Elf (3/3) Orc:2        Vaults (5/5) D:14
  Crypt (3/3) Vaults:3       Tomb (3/3) Crypt:3      Depths (4/4) D:15
    Zot (0/5) Depths:4      IceCv (visited)          WizLab (visited)

Shops:
D:4 ?   D:10 [(!   D:14 [   Orc:2 [[?([(   Elf:1 =*   Snake:3 :!!(
Vaults:3 =**:   Vaults:4 (

Portals:
Hell: Depths:1 Depths:2 Depths:3 Depths:4
Abyss: Depths:3
Pandemonium: Depths:2
Ziggurat: Depths:1

Annotations:
D:8 1 runed translucent door, Discosetron's ghost, novice DjVM
D:13 2 runed translucent doors, Xuirch's ghost, journeyman MiBe
Elf:2 5 runed translucent doors, Donald


Innate Abilities, Weirdness & Mutations

You are a living statue of rough stone.
Your actions are slow, but your melee attacks are powerful.
You are resistant to unholy torment.
Your maximum health is greatly increased.
You are immune to poison.
Your equipment is partially melded.
You have an increased reservoir of magic. (+10% MP)
You shall have no god before yourself.
Your divine heritage dramatically boosts your attributes as you level up.
You have a pair of small horns on your head.
You expend magic power (3 MP) to strengthen your wands.


Message History

The bennu blazes out!
The pyre of ghostly fire engulfs you but does no damage.
You resist.
A mummy priest comes into view.
The royal mummy mumbles some strange words.
A mummy comes into view.
Okay, then.
As you read the scroll of fog, it crumbles to dust.
The scroll dissolves into smoke.
You hear a loud "Zot"! x2
The power of Zot is invoked against you!
The royal mummy is recalled.
The mummy is recalled.
The mummy priest is recalled.
The royal mummy is recalled.
A royal mummy comes into view. x2
You hear a loud "Zot"!
A mummy priest comes into view.
A mummy comes into view.
A flying skull comes into view.
The death scarab bites you but does no damage.
Unknown command.
Okay, then.
Okay, then.
Casting: Shatter (mildly dangerous; 1% risk of failure)
Confirm with . or Enter, or press ? or * to list all spells.
You feel a surge of power!
The dungeon rumbles!
You destroy the death scarab!
The death scarab's corpse disappears in a puff of smoke!
The royal mummy is moderately damaged.
You destroy the mummy priest!
The royal mummy is heavily damaged.
You destroy the royal mummy!
You destroy the mummy!
You destroy the death scarab!
The death scarab's corpse disappears in a puff of smoke!
You destroy the death scarab!
The death scarab's corpse disappears in a puff of smoke!
You destroy the mummy!
You destroy the flying skull!
Ka-crash!
You feel extremely nervous for a moment...
Pain shoots through your body!!
You die...

........†††B.##(.
........†††.....^^......
....#...............^...
§)....................$$
.....#.†......^......$$:
z§..M..M†.§.........?$|[
$.M.[§.......^.)...$!$))
$.....M.!..^§..§§§§.$[)"
§§^..M......§#§§8§§$$|[|
$..........M†B§MM§§[)[[.
$$$#.....^....§§...$|=.#
$$#.............^.$$/#.#
## ###....####.##...#.
##...# .## #.#.. ▓▓▓▓▓ ▓
▓▓ ▓


You could see 2 royal mummies.

Vanquished Creatures
  the Royal Jelly (Slime:5)
  Mnoleg (Pan)
  An ancient lich (Vaults:5)
  Mennas (Crypt:3)
  A juggernaut (Depths:1)
  Sojobo (Vaults:2)
  21 royal mummies
  Josephina (Depths:4)
  Saint Roka (Orc:2)
  Frederick (Depths:4)
  Margery (Vaults:2)
  Vashnia (Snake:3)
  Bai Suzhen (Vaults:5)
  Xtahua (Vaults:5)
  A caustic shrike (Depths:1)
  The ghost of Zoalos the Devastator, a veteran GrEE of Lugonu (Crypt:3)
  A golden dragon (Depths:4)
  A mutant beast (WizLab)
  Jory (Depths:4)
  3 doom hounds (Depths:2)
  3 bone dragons
  7 Brimstone Fiends (Pan)
  6 tentacled monstrosities
  2 Ice Fiends (Pan)
  Jorgrun (Elf:2)
  A Tzitzimitl (Pan)
  Rupert (Lair:5)
  2 Hell Sentinels (Pan)
  Mlioglotl (Swamp:2)
  4 titans (Vaults:5)
  11 liches
  2 deep elf master archers (Elf:3)
  Grunn (Depths:2)
  2 walking divine tomes
  2 deep elf blademasters (Elf:3)
  A quicksilver dragon (Vaults:5)
  4 pandemonium lords (Pan)
  14 acid blobs
  2 thorn hunters
  31 Executioners (Pan)
  9 sphinxes
  12 ancient champions
  Frances (D:14)
  8 tengu reavers
  Gastronok (Lair:2)
  6 shadow dragons
  5 revenants
  Roxanne (Elf:1)
  5 storm dragons (Vaults:5)
  4 demonspawn warmongers (Pan)
  11 azure jellies
  4 nagarajas
  2 fenstrider witches
  12 rockslimes
  7 frost giants
  5 fire giants
  4 iron dragons
  19 balrugs
  Aizul (Snake:3)
  2 hydra zombies
  Louise (Swamp:3)
  A draconian knight (Depths:4)
  3 ghouls
  24 vault wardens
  5 deep elf sorcerers
  4 deep elf elementalists (Elf:3)
  A caustic shrike zombie (Crypt:3)
  3 spectral caustic shrikes (Depths:1)
  4 curse skulls
  24 ironbound preservers
  A spriggan defender (Depths:3)
  2 demonspawn corrupters (Pan)
  A draconian annihilator (Depths:4)
  9 quicksilver oozes
  19 cacodemons
  12 stone giants
  5 reapers
  A war gargoyle (Vaults:5)
  9 demonspawn blood saints (Pan)
  The ghost of manyhoops the Geomancer, a journeyman DgEE (Lair:4)
  41 very ugly things
  A green draconian (Depths:4)
  8 vampire knights
  14 demonspawn black suns (Pan)
  4 ironbound thunderhulks
  16 bennus
  2 white draconians (Depths:4)
  3 eleionomae
  Azrael (Snake:1)
  12 lorocyprocas (Pan)
  2 red draconians (Depths:4)
  9 deep elf demonologists
  4 bunyips
  A spectral titan (Crypt:3)
  Nessos (Lair:5)
  A spark wasp (shapeshifter) (WizLab)
  8 deep elf annihilators
  A yellow draconian (Depths:4)
  7 spark wasps
  27 mummy priests
  6 eidola
  Snorg (Lair:5)
  A crystal guardian (Vaults:3)
  2 ettins (shapeshifter)
  11 yaktaur captains
  10 deep elf death magi
  13 blizzard demons (Pan)
  2 entropy weavers (Vaults:1)
  7 jiangshi
  3 deep elf high priests
  14 ettins
  24 great orbs of eyes
  6 green deaths (Pan)
  2 shambling mangroves (Swamp:4)
  2 fire dragons
  10 ice dragons
  Erolcha (Orc:2)
  A rakshasa (Depths:3)
  A catoblepas (D:14)
  A spriggan skeleton (Pan)
  34 vault guards
  3 juggernaut simulacra
  6 spriggan air magi
  3 hell beasts
  2 salamander tyrants
  5 ogre magi
  A hydra (shapeshifter) (WizLab)
  A jorogumo (shapeshifter) (Vaults:5)
  13 anacondas
  An anaconda (shapeshifter) (WizLab)
  19 hydras
  A peacekeeper (Vaults:3)
  4 death knights
  20 centaur warriors
  8 ironbound frosthearts
  5 boulder beetles
  6 deep troll shamans
  A death yak (Lair:5)
  9 alligators
  An alligator (shapeshifter) (D:15)
  65 death scarabs
  2 azure jelly zombies (Crypt:3)
  16 dancing weapons
  4 ghost crabs
  13 two-headed ogres
  3 deep troll earth magi
  An orc high priest (Elf:1)
  6 vampire magi
  14 naga warriors
  A titan zombie (Crypt:2)
  A hell hog (Depths:3)
  6 spriggan berserkers
  42 large abominations
  3 tengu warriors
  15 naga sharpshooters
  9 soul eaters
  9 shock serpents
  15 deep elf knights
  Nergalle (D:11)
  48 sun demons
  2 spectral dire elephants (Crypt:3)
  10 hell knights
  2 titan skeletons
  4 iron trolls
  A fire crab (shapeshifter) (Depths:4)
  16 sixfirhies (Pan)
  An iron giant zombie (Crypt:2)
  7 salamander mystics
  A goliath frog (Swamp:2)
  A skyshark (shapeshifter) (WizLab)
  4 skysharks
  70 deep trolls
  10 shadow wraiths
  A quicksilver dragon simulacrum (Depths:2)
  A deep troll (shapeshifter) (WizLab)
  6 glowing orange brains
  31 skeletal warriors
  6 spriggan druids
  4 spectral hydras (Swamp:4)
  A spectral anaconda (Crypt:3)
  5 naga ritualists
  13 bog bodies
  4 shadow demons (Pan)
  5 flayed ghosts
  10 swamp dragons
  A swamp dragon (shapeshifter) (WizLab)
  A golden dragon skeleton (Crypt:2)
  2 anaconda skeletons (Pan)
  5 harpies
  2 bunyip skeletons
  30 deep elf pyromancers
  29 deep elf zephyrmancers
  16 ironbound convokers
  10 lindwurms
  9 phantasmal warriors
  13 deep elf archers
  11 wizards
  6 necromancers
  6 mana vipers
  15 orc sorcerers
  3 orc knights (Vaults:5)
  A salamander (shapeshifter) (WizLab)
  A shining eye (shapeshifter) (WizLab)
  5 shining eyes
  7 cyclopes
  A faun (shapeshifter) (Vaults:3)
  A mana viper (shapeshifter) (Depths:2)
  4 manticores
  30 salamanders
  4 will-o-the-wisps
  A shadow dragon skeleton (Tomb:2)
  A sphinx skeleton (Vaults:5)
  2 human skeletons (Vaults:2)
  4 oklob plants
  A stone giant skeleton (Pan)
  10 elephants
  2 titan simulacra
  63 ugly things
  27 black mambas
  7 ice statues
  23 vault sentinels
  2 rust devils (Pan)
  A moth of wrath (shapeshifter) (Vaults:3)
  9 guardian serpents
  An elephant (shapeshifter) (Depths:4)
  39 smoke demons
  2 torpor snails (Lair:5)
  15 naga magi
  Joseph (D:8)
  A black mamba (shapeshifter) (WizLab)
  A dire elephant skeleton (Pan)
  13 demonic crawlers (Pan)
  20 orange demons (Pan)
  A torpor snail (shapeshifter) (WizLab)
  8 cane toads
  An alligator snapping turtle zombie (Crypt:1)
  A centaur zombie (Tomb:1)
  2 centaur skeletons (Pan)
  A shock serpent skeleton (Crypt:3)
  2 unseen horrors
  A cane toad (shapeshifter) (WizLab)
  A rime drake (Lair:5)
  A yellow draconian zombie (Crypt:2)
  An alligator snapping turtle skeleton (Tomb:1)
  A bunyip simulacrum (Crypt:3)
  16 freezing wraiths
  An unseen horror (shapeshifter) (WizLab)
  4 kobold demonologists
  11 hellions
  2 human zombies
  2 yaktaurs (shapeshifter) (WizLab)
  A komodo dragon (shapeshifter) (Depths:1)
  3 tormentors (Pan)
  42 yaktaurs
  13 ice devils
  6 komodo dragons
  A pale draconian skeleton (Crypt:2)
  A queen bee (shapeshifter) (WizLab)
  2 spectral harpies (Crypt:3)
  7 efreet (Pan)
  40 guardian mummies
  3 tengu conjurers
  An iron troll skeleton (Crypt:2)
  2 elves (WizLab)
  2 death drake zombies (Swamp:4)
  11 trolls
  A harpy zombie (Tomb:2)
  7 red devils (Pan)
  4 bloated husks
  7 polar bears (Lair:5)
  A meliai (shapeshifter) (WizLab)
  A polar bear (shapeshifter) (WizLab)
  5 hellwings (Pan)
  A tarantella (Vaults:1)
  A merfolk (shapeshifter) (WizLab)
  2 death drake skeletons (Swamp:4)
  A tarantella (shapeshifter) (WizLab)
  23 hornets
  A troll (shapeshifter) (WizLab)
  4 harpy skeletons
  2 shadow dragon simulacra
  A wind drake (shapeshifter) (Elf:1)
  8 tyrant leeches
  A hydra skeleton (Swamp:4)
  3 tyrant leeches (shapeshifter) (WizLab)
  A dream sheep (Lair:5)
  A blink frog (shapeshifter) (WizLab)
  An ettin zombie (Tomb:2)
  16 small abominations
  11 blink frogs
  97 slime creatures
  43 flying skulls
  2 shadows (D:12)
  A slime creature (shapeshifter) (WizLab)
  A centaur simulacrum (D:15)
  2 culicivoras (shapeshifter)
  2 deep troll skeletons
  An ettin skeleton (Pan)
  9 vampires
  16 water elementals
  A fire dragon skeleton (Pan)
  4 humans (WizLab)
  30 spriggans
  6 wyverns
  10 wraiths
  A black mamba skeleton (Pan)
  19 ynoxinuls (Pan)
  A human (shapeshifter) (WizLab)
  2 slime creature zombies
  25 neqoxecs (Pan)
  12 yaks
  4 fire elementals
  A fire bat (shapeshifter) (WizLab)
  A golden eye (shapeshifter) (D:13)
  6 basilisks
  2 death yak simulacra
  13 ushabtiu
  9 redbacks
  11 chaos spawn (Pan)
  2 steam dragons (shapeshifter) (WizLab)
  5 golden eyes
  An iron golem (WizLab)
  A steam dragon (D:8)
  10 wargs
  A warg (shapeshifter) (WizLab)
  2 harpy simulacra (Crypt:3)
  11 vampire mosquitoes
  16 swamp worms
  51 nagas
  16 water moccasins
  6 hydra simulacra
  An acid dragon (shapeshifter) (Vaults:5)
  7 floating eyes
  4 hell hounds (Snake:1)
  4 naga skeletons
  A swamp drake (shapeshifter) (Vaults:3)
  2 floating eyes (shapeshifter)
  26 orc warriors
  12 swamp drakes
  2 sky beasts
  2 swamp dragon zombies (Swamp:4)
  3 ice beasts
  A sky beast (shapeshifter) (Elf:2)
  An ettin simulacrum (Crypt:3)
  An ice beast (shapeshifter) (WizLab)
  An ice dragon simulacrum (Crypt:3)
  4 black bears
  12 ogres
  A hog zombie (Crypt:1)
  19 wolves (Lair:5)
  4 boggarts (Lair:5)
  2 swamp dragon skeletons (Swamp:4)
  A dream sheep skeleton (Crypt:1)
  7 centaurs
  5 kobold brigands
  13 bullfrogs
  3 earth elementals
  3 gnoll sergeants
  A glowing shapeshifter simulacrum (Depths:4)
  3 two-headed ogre simulacra
  3 necrophages
  A scorpion (D:4)
  A cane toad simulacrum (D:12)
  A yaktaur skeleton (Crypt:3)
  5 wights
  2 killer bees (shapeshifter)
  A shapeshifter zombie (Crypt:1)
  A yak zombie (Crypt:2)
  2 elephant simulacra (IceCv)
  5 killer bees (D:7)
  A human simulacrum (Vaults:5)
  2 howler monkeys (D:10)
  A raiju skeleton (Crypt:1)
  An electric eel (Lair:3)
  A lava snake (Orc:1)
  A crimson imp (Pan)
  4 hounds
  15 orc priests
  A gnoll bouda (D:6)
  A sleepcap (D:6)
  A basilisk skeleton (Crypt:2)
  38 orc wizards
  2 polar bear simulacra (IceCv)
  A boggart skeleton (Crypt:3)
  5 spriggan simulacra
  5 troll simulacra
  2 wolf simulacra (IceCv)
  A deep dwarf skeleton (Crypt:3)
  A tengu skeleton (Crypt:1)
  50 mummies
  23 gnolls
  6 adders
  4 naga simulacra
  2 river rats (D:4)
  A steam dragon zombie (Crypt:3)
  A shadow imp (D:7)
  A white imp (IceCv)
  5 ufetubi
  An iguana zombie (Crypt:1)
  2 worms (D:2)
  104 orcs
  5 endoplasms
  5 giant cockroaches
  7 goblins
  5 hobgoblins
  2 quokkas
  7 ball pythons
  3 bats (D:1)
  A frilled lizard (D:1)
  A goblin zombie (D:3)
  35 kobolds
  5 rats
3040 creatures vanquished.

Vanquished Creatures (collateral kills)
  A pandemonium lord (Pan)
  An acid blob (Slime:5)
  A tormentor (Pan)
  An ice devil (Pan)
  A slime creature (Slime:5)
5 creatures vanquished.

Vanquished Creatures (others)
  An eldritch tentacle (Pan)
  A sun demon (Pan)
  A bloated husk (Swamp:2)
  A chaos spawn (Pan)
  26 foxfires
  25 fungi
  95 plants
150 creatures vanquished.

Grand Total: 3195 creatures vanquished

Notes
Turn   | Place    | Note
-------+----------+-------------------------------------------
     0 | D:1      | manyhoops the Demigod Earth Elementalist began the quest
                  | for the Orb.
     0 | D:1      | Reached XP level 1. HP: 14/14 MP: 5/5
   151 | D:1      | Reached skill level 3 in Earth Magic
   382 | D:1      | Reached XP level 2. HP: 20/20 MP: 5/7
   635 | D:1      | Noticed a golden eye
   648 | D:1      | Noticed an eye of devastation
   648 | D:1      | Noticed a great orb of eyes
   648 | D:1      | Noticed a great orb of eyes
  1063 | D:2      | Reached XP level 3. HP: 26/26 MP: 7/9
  1568 | D:2      | Identified a scroll of acquirement
  1571 | D:2      | Acquired the +3 pair of gloves of Jaopt {rElec rF+ Str+3
                  | Stlth+}
  2124 | D:3      | Learned a level 2 spell: Passwall
  2128 | D:3      | Learned a level 3 spell: Stone Arrow
  2146 | D:3      | Found a runed translucent door.
  2146 | D:3      | Noticed a human
  2152 | D:3      | Reached XP level 4. HP: 33/33 MP: 9/11
  2262 | D:4      | Reached skill level 4 in Earth Magic
  2479 | D:4      | Reached XP level 5. HP: 34/38 MP: 1/13
  2722 | D:4      | Reached skill level 1 in Armour
  3051 | D:4      | Found Toinaem's Magic Scroll Emporium.
  3054 | D:4      | Bought a scroll of teleportation for 39 gold pieces
  3054 | D:4      | Bought a scroll of fear for 52 gold pieces
  3147 | D:4      | Noticed an ogre
  3152 | D:4      | Killed an ogre
  3153 | D:4      | Reached XP level 6. HP: 45/45 MP: 10/14
  3311 | D:5      | Entered Level 5 of the Dungeon
  3318 | D:5      | Noticed a water moccasin
  3322 | D:5      | Killed a water moccasin
  3713 | D:5      | Reached skill level 5 in Earth Magic
  3713 | D:5      | Reached XP level 7. HP: 50/50 MP: 10/15
  4211 | D:6      | Reached skill level 6 in Earth Magic
  4419 | D:6      | You fall into a shaft and drop 1 floor!
  4484 | D:7      | Reached skill level 7 in Earth Magic
  4538 | D:7      | Reached XP level 8. HP: 57/57 MP: 13/16
  4675 | D:7      | Reached skill level 8 in Earth Magic
  4678 | D:7      | Reached skill level 1 in Fighting
  5039 | D:6      | Found a staircase to the Ecumenical Temple.
  5093 | D:6      | Acquired 800 gold pieces
  5133 | D:4      | Bought a scroll of fog for 52 gold pieces
  5133 | D:4      | Bought a scroll of immolation for 52 gold pieces
  5905 | D:7      | Learned a level 3 spell: Ozocubu's Armour
  5909 | D:7      | Learned a level 3 spell: Swiftness
  5912 | D:7      | Learned a level 2 spell: Ensorcelled Hibernation
  6155 | D:8      | Found a large runed translucent door.
  6156 | D:8      | Found a large runed translucent door.
  6276 | D:8      | Found a runed translucent door.
  6277 | D:8      | Noticed a purple ugly thing
  6277 | D:8      | Found the +8 longbow "Zephyr" {speed, Dex+3 SInv}
  6278 | D:8      | Noticed Discosetron's ghost (novice DjVM)
  6334 | D:8      | Noticed Joseph
  6340 | D:8      | Killed Joseph
  6341 | D:8      | Reached skill level 5 in Stealth
  6341 | D:8      | Reached XP level 9. HP: 31/73 MP: 7/17
  6544 | D:8      | Reached skill level 5 in Fighting
  8100 | D:9      | Noticed a +0 falchion
  8101 | D:9      | Noticed a +0 dagger
  8101 | D:9      | Noticed a +0 short sword
  8101 | D:9      | Noticed a +0 dagger
  8102 | D:9      | Noticed a +0 spear
  8102 | D:9      | Noticed a +0 falchion
  8103 | D:9      | Noticed a +0 spear
  8103 | D:9      | Noticed a +0 short sword
  8290 | D:10     | Entered Level 10 of the Dungeon
  8537 | D:10     | Found Xijump's Distillery.
  8545 | D:10     | Bought a potion of might for 44 gold pieces
  8545 | D:10     | Bought a potion of heal wounds for 55 gold pieces
  8545 | D:10     | Bought a potion of resistance for 110 gold pieces
  8545 | D:10     | Bought a potion of heal wounds for 55 gold pieces
  8545 | D:10     | Bought a potion of magic for 88 gold pieces
  8545 | D:10     | Bought a potion of heal wounds for 55 gold pieces
  8663 | D:10     | Reached XP level 10. HP: 53/84 MP: 13/18
  8776 | D:10     | Found Taergh's Weapon Shop.
  8902 | D:10     | Found Ogapnon's Antique Armour Emporium.
  8911 | D:10     | Bought a bloodstained robe for 159 gold pieces
  8911 | D:10     | Identified the +1 robe of the Barnacled God {rPois rF+ rN+
                  | Str-4} (You bought it in a shop on level 10 of the Dungeon)
  8911 | D:10     | Bought a heavily runed leather armour for 196 gold pieces
  8911 | D:10     | Identified the +5 leather armour "Kurudgh" {rN+ Str+5} (You
                  | bought it in a shop on level 10 of the Dungeon)
  8911 | D:10     | Bought a pitted leather armour for 196 gold pieces
  8911 | D:10     | Identified the +0 leather armour of Immorality {Dex+7
                  | Slay-3} (You bought it in a shop on level 10 of the
                  | Dungeon)
  9094 | D:10     | Noticed a two-headed ogre
  9336 | D:10     | Killed a two-headed ogre
  9337 | D:10     | Reached skill level 5 in Dodging
  9337 | D:10     | Noticed a two-headed ogre
  9454 | D:10     | Killed a two-headed ogre
  9815 | D:11     | Found a gateway to a bazaar.
 10014 | Bazaar   | Entered a bazaar
 10015 | Bazaar   | Found Iwnaarubb's General Store.
 10112 | Bazaar   | Found Fuonaum's Distillery.
 10123 | Bazaar   | Found Exemp's Antique Weapon Emporium.
 10131 | Bazaar   | Found Vyli's Antique Armour Emporium.
 10139 | Bazaar   | Bought a pair of glowing boots for 202 gold pieces
 10160 | Bazaar   | Found Leusch's Jewellery Boutique.
 10188 | Bazaar   | Bought a potion of heal wounds for 80 gold pieces
 10266 | D:11     | Noticed Nergalle
 10301 | D:11     | Noticed a two-headed ogre
 10303 | D:11     | Noticed a brown ugly thing
 10342 | D:11     | Killed Nergalle
 10343 | D:11     | Reached skill level 5 in Evocations
 10387 | D:11     | Killed a two-headed ogre
 10388 | D:11     | Reached XP level 11. HP: 65/92 MP: 0/19
 10532 | D:11     | Noticed a boulder beetle
 11216 | D:12     | Found a runed translucent door.
 11310 | D:12     | Noticed a deep elf pyromancer
 11337 | D:12     | Killed a deep elf pyromancer
 11601 | D:12     | Found a frozen archway.
 11702 | IceCv    | Entered an ice cave
 13196 | IceCv    | Noticed a reaper
 13219 | IceCv    | Killed a reaper
 13571 | D:12     | Gained mutation: You occasionally lose the ability to drink
                  | potions when taking damage. [potion of mutation]
 13571 | D:12     | Gained mutation: You are covered in fur. (AC +1) [potion of
                  | mutation]
 13571 | D:12     | Gained mutation: You are weak. (Str -2) [potion of
                  | mutation]
 13772 | D:12     | Lost mutation: You occasionally lose the ability to drink
                  | potions when taking damage. [potion of mutation]
 13772 | D:12     | Lost mutation: You are weak. (Str -2) [potion of mutation]
 13772 | D:12     | Lost mutation: You are covered in fur. (AC +1) [potion of
                  | mutation]
 13772 | D:12     | Gained mutation: You are clumsy. (Dex -2) [potion of
                  | mutation]
 13772 | D:12     | Gained mutation: You do not regenerate when monsters are
                  | visible. [potion of mutation]
 13772 | D:12     | Gained mutation: You occasionally lose the ability to read
                  | scrolls when taking damage. [potion of mutation]
 13772 | D:12     | Gained mutation: Your flesh is heat resistant. (rF+)
                  | [potion of mutation]
 14632 | D:12     | Got Vonlikhla's Vellum of the Chill and the Crater
 14818 | D:13     | Reached XP level 12. HP: 104/104 MP: 9/23
 14824 | D:13     | Learned a level 5 spell: Borgnjor's Vile Clutch
 14905 | D:13     | Reached skill level 1 in Necromancy
 15365 | D:13     | Noticed a four-headed hydra
 15370 | D:13     | Killed a four-headed hydra
 15443 | D:13     | Found a large runed translucent door.
 15444 | D:13     | Found a large runed translucent door.
 15447 | D:13     | Noticed Xuirch's ghost (journeyman MiBe)
 15469 | D:13     | Noticed a centaur warrior
 15481 | D:13     | Killed a centaur warrior
 15482 | D:13     | Reached skill level 5 in Spellcasting
 16055 | D:11     | Found a staircase to the Lair.
 16073 | D:11     | Killed a boulder beetle
 16347 | D:11     | Found a staircase to the Orcish Mines.
 16779 | Lair:1   | Entered Level 1 of the Lair of Beasts
 18755 | Lair:2   | Noticed Gastronok
 18775 | Lair:2   | Killed Gastronok
 20065 | Lair:3   | Found a staircase to the Swamp.
 20582 | Lair:3   | Found a staircase to the Snake Pit.
 20604 | Lair:3   | Learned a level 5 spell: Freezing Cloud
 21045 | Lair:3   | Reached XP level 13. HP: 106/111 MP: 10/30
 21441 | Lair:3   | You are sucked into a shaft and drop 1 floor!
 21470 | Lair:4   | Reached skill level 1 in Conjurations
 21470 | Lair:4   | Reached skill level 1 in Ice Magic
 21470 | Lair:4   | Reached skill level 1 in Air Magic
 22105 | Lair:4   | Found a runed translucent door.
 22105 | Lair:4   | Noticed manyhoops's ghost (journeyman DgEE)
 22311 | Lair:4   | Found a staircase to the Slime Pits.
 23066 | Lair:4   | Identified the +2 helmet of Meyvugg {rF+ rN+ Dex+3}
 23118 | Lair:4   | Identified the +3 halberd "Boyllad" {protect, *Rage rF- rC+
                  | rN++}
 23658 | Lair:4   | Learned a level 6 spell: Iron Shot
 23758 | Orc:1    | Entered Level 1 of the Orcish Mines
 23776 | Orc:1    | Reached skill level 5 in Conjurations
 24852 | Orc:2    | Entered Level 2 of the Orcish Mines
 25026 | Orc:2    | Found Qeutot's Armour Emporium.
 25588 | Orc:2    | Noticed Erolcha
 25592 | Orc:2    | Killed Erolcha
 25723 | Orc:2    | Paralysed by an orc sorcerer for 5 turns
 25882 | Orc:2    | Found Mamyoria's Antique Armour Emporium.
 25882 | Orc:2    | Found Zaesaoc's Antique Weapon Boutique.
 25969 | Orc:2    | Noticed Saint Roka
 26132 | Orc:2    | Found Louczux's Antique Weapon Shop.
 26184 | Orc:2    | Paralysed by an orc sorcerer for 5 turns
 26709 | Orc:2    | Killed Saint Roka
 26936 | Orc:2    | Found Kisiasso's Armour Boutique.
 27084 | Orc:2    | Found Jecutweid's Magic Scroll Emporium.
 27090 | Orc:2    | Bought a scroll of magic mapping for 97 gold pieces
 27201 | Orc:2    | Found a staircase to the Elven Halls.
 27477 | Orc:2    | Bought an ebony falchion for 256 gold pieces
 27477 | Orc:2    | Identified the +4 falchion of Ogeniuq {vamp, Contam Int+3
                  | Dex+7} (You bought it in a shop on level 2 of the Orcish
                  | Mines)
 27477 | Orc:2    | Bought a steaming morningstar for 288 gold pieces
 27477 | Orc:2    | Identified the +2 morningstar of Reinforcement {flame,
                  | rElec rPois MP+9 Str+2} (You bought it in a shop on level 2
                  | of the Orcish Mines)
 27666 | Lair:5   | Entered Level 5 of the Lair of Beasts
 27691 | Lair:5   | Reached XP level 14. HP: 118/118 MP: 24/32
 27761 | Lair:5   | Noticed Rupert
 27764 | Lair:5   | Paralysed by Rupert for 3 turns
 27770 | Lair:5   | Killed Rupert
 28039 | Lair:5   | Reached skill level 10 in Spellcasting
 28309 | Lair:5   | Noticed Snorg
 28314 | Lair:5   | Killed Snorg
 28388 | Lair:5   | Noticed Nessos
 28412 | Lair:5   | Killed Nessos
 28586 | Lair:5   | Reached skill level 10 in Stealth
 29872 | Lair:5   | Reached skill level 10 in Fighting
 30306 | D:14     | Noticed Frances
 30379 | D:14     | Killed Frances
 30596 | D:14     | Found Nasmoon's Antique Armour Emporium.
 31676 | D:14     | Found a gate to the Vaults.
 31955 | D:15     | Entered Level 15 of the Dungeon
 33347 | D:15     | Reached skill level 1 in Shields
 33630 | D:15     | Found a staircase to the Depths.
 33972 | Snake:1  | Entered Level 1 of the Snake Pit
 34324 | Elf:1    | Entered Level 1 of the Elven Halls
 34476 | Swamp:1  | Entered Level 1 of the Swamp
 34487 | Swamp:1  | Reached XP level 15. HP: 124/129 MP: 10/33
 34644 | Swamp:1  | Learned a level 5 spell: Fireball
 34912 | Swamp:1  | Reached skill level 5 in Shields
 36773 | Swamp:2  | Noticed Mlioglotl
 36777 | Swamp:2  | Killed Mlioglotl
 37098 | Swamp:2  | Noticed a fenstrider witch
 37326 | Swamp:2  | Identified the +0 scale mail of Minor Irritation {Dex+3}
 37686 | Swamp:2  | Lost mutation: Your flesh is heat resistant. (rF+) [potion
                  | of mutation]
 37686 | Swamp:2  | Lost mutation: You do not regenerate when monsters are
                  | visible. [potion of mutation]
 37686 | Swamp:2  | Gained mutation: You are frail. (-10% HP) [potion of
                  | mutation]
 37686 | Swamp:2  | Gained mutation: Armour fits poorly on your strangely
                  | shaped body. [potion of mutation]
 37686 | Swamp:2  | Lost mutation: You are clumsy. (Dex -2) [potion of
                  | mutation]
 37729 | Swamp:2  | Reached skill level 9 in Earth Magic
 37734 | Swamp:2  | Killed a fenstrider witch
 38459 | Swamp:2  | Reached skill level 10 in Earth Magic
 38601 | Swamp:2  | Noticed a tentacled monstrosity
 38610 | Swamp:2  | Killed a tentacled monstrosity
 39320 | Swamp:2  | Noticed a thorn hunter
 39325 | Swamp:2  | Killed a thorn hunter
 39598 | Swamp:2  | Acquired the +2 pair of boots of Dim Light {rC+ Str+4}
 39663 | Swamp:2  | Reached skill level 11 in Earth Magic
 39730 | Swamp:3  | Noticed Louise
 39743 | Swamp:3  | Killed Louise
 41213 | Swamp:4  | Entered Level 4 of the Swamp
 41227 | Swamp:4  | Reached skill level 12 in Earth Magic
 41599 | Swamp:4  | Reached XP level 16. HP: 95/125 MP: 20/35
 42189 | Swamp:4  | Reached skill level 13 in Earth Magic
 44106 | Swamp:4  | Reached skill level 14 in Earth Magic
 44484 | Swamp:4  | Got a decaying rune of Zot
 45896 | Elf:1    | Found Cocludui's Gadget Gallery.
 45992 | Elf:1    | Found Saleutox's Jewellery Boutique.
 46787 | Elf:1    | Reached skill level 15 in Earth Magic
 47131 | Elf:1    | Bought the ring "Nytim" {Fly rF+ Int+3} for 718 gold pieces
 47489 | Elf:1    | Noticed Roxanne
 47496 | Elf:1    | Identified the +6 tower shield of Hide-and-Seek {Fly rPois
                  | rF+++ Slay-3}
 47515 | Elf:1    | Killed Roxanne
 48255 | Elf:2    | Noticed Jorgrun
 48262 | Elf:2    | Killed Jorgrun
 48431 | Elf:2    | Reached XP level 17. HP: 133/133 MP: 37/37
 49953 | Elf:2    | Found a huge runed translucent gate.
 49953 | Elf:2    | Found a huge runed translucent gate.
 49954 | Elf:2    | Found a huge runed translucent gate.
 49954 | Elf:2    | Found a huge runed translucent gate.
 50143 | Elf:2    | Found a huge runed translucent gate.
 50395 | Elf:2    | Noticed Donald
 50430 | Elf:3    | Entered Level 3 of the Elven Halls
 50437 | Elf:3    | Found a flickering gateway to a bazaar.
 50446 | Bazaar   | Entered a bazaar
 50452 | Bazaar   | Found Baakkurgh's Book Emporium.
 50452 | Bazaar   | Found Motupet's Jewellery Shoppe.
 50460 | Bazaar   | Identified the staff of earth "Femorchar" {rPois Will-
                  | rCorr Dex+2}
 50572 | Bazaar   | Learned a level 5 spell: Lee's Rapid Deconstruction
 50575 | Bazaar   | Bought the ring "Etyatie" {Drain rF+ rN+ Int+6} for 729
                  | gold pieces
 51476 | Elf:3    | Noticed a deep elf blademaster
 51482 | Elf:3    | Killed a deep elf blademaster
 52040 | Elf:3    | Noticed a deep elf blademaster
 52047 | Elf:3    | Killed a deep elf blademaster
 52477 | Elf:3    | Identified the +1 scale mail of Pride {Rampage Will- Str+5
                  | SInv}
 52490 | Elf:3    | Identified the +5 short sword "Tophih" {vamp, Drain rPois
                  | MP+9 Dex+6}
 53300 | Elf:3    | Acquired 1060 gold pieces
 53504 | Elf:3    | Got the Thoughts on Flinty Congelation
 53505 | Elf:3    | Identified the staff of cold "Wuomn" {+Blink rC+ rN+ Dex+4}
 53516 | Elf:3    | Identified the +0 arbalest of the Mind {flame, rElec rCorr
                  | Int+2}
 53528 | Elf:3    | Identified the staff of poison "Kier" {rElec rPois rF+}
 53806 | Elf:3    | Learned a level 9 spell: Shatter
 54089 | Depths:1 | Entered Level 1 of the Depths
 54477 | Elf:2    | Lost mutation: You occasionally lose the ability to read
                  | scrolls when taking damage. [potion of mutation]
 54477 | Elf:2    | Lost mutation: You are frail. (-10% HP) [potion of
                  | mutation]
 54477 | Elf:2    | Lost mutation: Armour fits poorly on your strangely shaped
                  | body. [potion of mutation]
 54477 | Elf:2    | Gained mutation: Your body sometimes deteriorates upon
                  | taking damage. [potion of mutation]
 54477 | Elf:2    | Gained mutation: You are robust. (+10% HP) [potion of
                  | mutation]
 54477 | Elf:2    | Gained mutation: You are very robust. (+20% HP) [potion of
                  | mutation]
 55962 | Snake:1  | Reached skill level 16 in Earth Magic
 56209 | Snake:1  | Noticed Azrael
 56220 | Snake:1  | Killed Azrael
 56221 | Snake:1  | Reached XP level 18. HP: 79/192 MP: 20/40
 58013 | Snake:2  | Reached skill level 17 in Earth Magic
 60169 | Snake:3  | Noticed Vashnia
 60174 | Snake:3  | Killed Vashnia
 60175 | Snake:3  | Reached skill level 18 in Earth Magic
 60182 | Snake:3  | Found Guschir's Book Shoppe.
 60327 | Snake:3  | Found Hiejin's Weapon Shoppe.
 60329 | Snake:3  | Found Woesass's Distillery.
 60330 | Snake:3  | Found Qaostate's Distillery.
 60336 | Snake:3  | Bought a potion of curing for 48 gold pieces
 60336 | Snake:3  | Bought a potion of mutation for 128 gold pieces
 60336 | Snake:3  | Bought a potion of heal wounds for 80 gold pieces
 60336 | Snake:3  | Bought a potion of haste for 160 gold pieces
 60336 | Snake:3  | Bought a potion of curing for 48 gold pieces
 60336 | Snake:3  | Bought a potion of mutation for 128 gold pieces
 60344 | Snake:3  | Bought 2 potions of heal wounds for 160 gold pieces
 60344 | Snake:3  | Bought a potion of mutation for 128 gold pieces
 60344 | Snake:3  | Bought a potion of heal wounds for 80 gold pieces
 61057 | Snake:4  | Entered Level 4 of the Snake Pit
 61249 | Snake:4  | Noticed Aizul
 61393 | Snake:3  | Killed Aizul
 63384 | Snake:4  | Reached skill level 19 in Earth Magic
 64221 | Snake:4  | Got a serpentine rune of Zot
 64840 | Vaults:1 | Entered Level 1 of the Vaults
 64843 | Vaults:1 | Reached XP level 19. HP: 199/200 MP: 31/41
 65511 | Vaults:1 | Reached skill level 20 in Earth Magic
 67350 | Vaults:2 | Reached skill level 21 in Earth Magic
 67965 | Vaults:2 | Noticed Margery
 67970 | Vaults:2 | Killed Margery
 68713 | Vaults:2 | Noticed Sojobo
 69059 | Vaults:2 | Reached skill level 22 in Earth Magic
 70589 | Vaults:2 | Killed Sojobo
 70590 | Vaults:2 | Reached XP level 20. HP: 88/208 MP: 9/43
 71234 | Vaults:3 | Found Soimabat's Assorted Antiques.
 71239 | Vaults:3 | Bought a scroll of magic mapping for 232 gold pieces
 72452 | Vaults:3 | Found Taloixze's General Store.
 72455 | Vaults:3 | Reached skill level 15 in Spellcasting
 73502 | Vaults:3 | Found Paobrytu's Book Shoppe.
 74068 | Vaults:3 | Found Ruci Nya's Jewellery Shop.
 74610 | Vaults:3 | Found a staircase to the Crypt.
 74871 | Vaults:4 | Found Zoext's Magic Scroll Shoppe.
 75651 | Vaults:4 | Found Tanuecs's Weapon Shop.
 76410 | Vaults:5 | Entered Level 5 of the Vaults
 76679 | Vaults:5 | Noticed an ancient lich
 76683 | Vaults:5 | Killed an ancient lich
 76684 | Vaults:5 | Reached XP level 21. HP: 135/217 MP: 14/48
 77563 | Vaults:5 | Identified the +1 rapier of Wukicav {venom, rN+ Will- Str+3
                  | SInv}
 78261 | Vaults:5 | Identified the +5 ring mail of Theory {rC+ Will- Regen+}
 78285 | Vaults:5 | Identified the +1 dire flail of the Mind {elec, *Corrode
                  | Int+4 Stlth+}
 78285 | Vaults:5 | Identified the amulet of Jyntiez {RegenMP rC+ Int-3 SInv}
 78538 | Vaults:5 | Got a silver rune of Zot
 79100 | Vaults:5 | Identified the +10 hand axe of Insufficient Pleasure
                  | {spect, rF+ Str+4 Int+2 SInv}
 79101 | Vaults:5 | Noticed Bai Suzhen
 79111 | Vaults:5 | Killed Bai Suzhen
 79892 | Vaults:5 | Noticed Xtahua
 79899 | Vaults:5 | Killed Xtahua
 81248 | Depths:1 | Noticed a caustic shrike
 81316 | Depths:1 | Found a one-way gateway to a ziggurat.
 81343 | Depths:1 | Killed a caustic shrike
 81344 | Depths:1 | Reached skill level 23 in Earth Magic
 81349 | Depths:1 | Noticed a juggernaut
 81405 | Depths:1 | Killed a juggernaut
 82488 | Depths:1 | Identified the +10 plate armour of a Hundred Allies {Harm
                  | MP+9}
 82791 | Depths:1 | Found a gateway to a bazaar.
 82804 | Depths:1 | Found a gateway to Hell.
 82813 | Bazaar   | Entered a bazaar
 82813 | Bazaar   | Found Qujivabyrr's Armour Shop.
 82818 | Bazaar   | Found Zostogov's Magic Scroll Emporium.
 82827 | Bazaar   | Bought a scroll of teleportation for 24 gold pieces
 82827 | Bazaar   | Bought a scroll of teleportation for 24 gold pieces
 82827 | Bazaar   | Bought a scroll of blinking for 60 gold pieces
 82843 | Bazaar   | Found Kaiqaxam's Assorted Antiques.
 82851 | Bazaar   | Bought a scroll of teleportation for 84 gold pieces
 82851 | Bazaar   | Bought a scroll of blinking for 210 gold pieces
 82854 | Bazaar   | Found Xeebi's Weapon Shoppe.
 83298 | Depths:2 | Reached XP level 22. HP: 180/216 MP: 42/51
 84071 | Depths:1 | Learned a level 8 spell: Lehudib's Crystal Spear
 84309 | Depths:2 | Reached skill level 10 in Conjurations
 84411 | Depths:2 | Gained mutation: You are clumsy. (Dex -2) [a shining eye]
 84527 | Depths:2 | Found a one-way gate leading to the halls of Pandemonium.
 84943 | Depths:2 | Noticed Grunn
 84957 | Depths:2 | Killed Grunn
 86539 | Depths:3 | Acquired 595 gold pieces
 87280 | Depths:3 | Reached skill level 5 in Armour
 87646 | Depths:3 | Found a one-way gate to the infinite horrors of the Abyss.
 87776 | Depths:3 | Reached skill level 1 in Maces & Flails
 87813 | Depths:4 | Entered Level 4 of the Depths
 87838 | Depths:4 | Noticed Jory
 87846 | Depths:4 | Killed Jory
 88036 | Depths:4 | Noticed Frederick
 88042 | Depths:4 | Killed Frederick
 88211 | Depths:4 | Identified the ring "Voheiss" {Ice Will+++ Str+3 Int-5
                  | Dex-4}
 88211 | Depths:4 | Noticed Josephina
 88213 | Depths:4 | Killed Josephina
 88677 | Depths:4 | Found a gate to the Realm of Zot.
 88681 | Depths:4 | Reached XP level 23. HP: 237/237 MP: 43/52
 89452 | Slime:1  | Entered Level 1 of the Pits of Slime
 89930 | Slime:2  | Reached skill level 10 in Armour
 90518 | Slime:5  | Entered Level 5 of the Pits of Slime
 90659 | Slime:5  | Noticed the Royal Jelly
 90664 | Slime:5  | Killed the Royal Jelly
 91432 | Slime:5  | Got the Codex of the Cemetery
 91480 | Slime:5  | Got a slimy rune of Zot
 91484 | Slime:5  | Identified the quicksilver dragon scales "Qomahu" {rElec
                  | Will+ Regen+ Str+6 Slay-4}
 91512 | Slime:5  | Identified the +1 robe "Maud" {Contam Drain Fly Dex+8}
 91550 | Slime:5  | Identified the amulet "Otuylaw" {Spirit Str+7}
 91562 | Slime:5  | Identified the +9 flail "Wupnit" {spect, rPois Will- rCorr
                  | Str+4}
 91563 | Slime:5  | Identified the +2 hat of the Turtledove {rC+ rN+ MP+9
                  | Int-5}
 91575 | Slime:5  | Acquired 639 gold pieces
 91810 | Lair:4   | Lost mutation: You are very robust. (+20% HP) [potion of
                  | mutation]
 91810 | Lair:4   | Lost mutation: You are robust. (+10% HP) [potion of
                  | mutation]
 91810 | Lair:4   | Lost mutation: You are clumsy. (Dex -2) [potion of
                  | mutation]
 91810 | Lair:4   | Gained mutation: You occasionally shout uncontrollably at
                  | your foes. [potion of mutation]
 91811 | Lair:4   | Lost mutation: Your body sometimes deteriorates upon taking
                  | damage. [potion of mutation]
 91811 | Lair:4   | Lost mutation: You occasionally shout uncontrollably at
                  | your foes. [potion of mutation]
 91811 | Lair:4   | Gained mutation: Your spells are a little harder to cast,
                  | but a little more powerful. [potion of mutation]
 91861 | Lair:4   | Killed manyhoops's ghost
 91869 | Lair:4   | Reached XP level 24. HP: 205/205 MP: 52/52
 92078 | Pan      | Entered Pandemonium
 92232 | Pan      | Noticed Figyrr the pandemonium lord
 92240 | Pan      | Killed Figyrr the pandemonium lord
 92240 | Pan      | Gained mutation: You occasionally lose the ability to drink
                  | potions when taking damage. [a cacodemon]
 92244 | Pan      | Noticed Vairuck the pandemonium lord
 92478 | Pan      | Lost mutation: Your spells are a little harder to cast, but
                  | a little more powerful. [potion of mutation]
 92478 | Pan      | Lost mutation: You occasionally lose the ability to drink
                  | potions when taking damage. [potion of mutation]
 92478 | Pan      | Gained mutation: You expend magic power (3 MP) to
                  | strengthen your wands. [potion of mutation]
 92478 | Pan      | Gained mutation: Your spells are a little harder to cast,
                  | but a little more powerful. [potion of mutation]
 92478 | Pan      | Gained mutation: You have a pair of small horns on your
                  | head. [potion of mutation]
 92556 | Pan      | Noticed Torchin the pandemonium lord
 92737 | Pan      | Killed Torchin the pandemonium lord
 92912 | Pan      | Reached skill level 15 in Stealth
 92933 | Pan      | Gained mutation: Your body sometimes deteriorates upon
                  | taking damage. [a cacodemon]
 92934 | Pan      | Gained mutation: Your body often deteriorates upon taking
                  | damage. [a cacodemon]
 92967 | Pan      | Noticed Nioghum the pandemonium lord
 93036 | Pan      | Entered the realm of Mnoleg.
 93077 | Pan      | Gained mutation: You are occasionally teleported next to
                  | monsters. [a neqoxec]
 93085 | Pan      | Lost mutation: You expend magic power (3 MP) to strengthen
                  | your wands. [potion of mutation]
 93085 | Pan      | Lost mutation: Your spells are a little harder to cast, but
                  | a little more powerful. [potion of mutation]
 93085 | Pan      | Gained mutation: Potions are less effective at restoring
                  | your health. [potion of mutation]
 93085 | Pan      | Gained mutation: You passively dampen the noise of your
                  | surroundings. [potion of mutation]
 93085 | Pan      | Gained mutation: You have a pair of horns on your head.
                  | [potion of mutation]
 93085 | Pan      | Gained mutation: You have a somewhat thin skeletal
                  | structure. (Dex +2, Stealth+) [potion of mutation]
 93087 | Pan      | Lost mutation: Your body often deteriorates upon taking
                  | damage. [potion of mutation]
 93087 | Pan      | Lost mutation: You are occasionally teleported next to
                  | monsters. [potion of mutation]
 93087 | Pan      | Lost mutation: Potions are less effective at restoring your
                  | health. [potion of mutation]
 93087 | Pan      | Gained mutation: Your body often deteriorates upon taking
                  | damage. [potion of mutation]
 93087 | Pan      | Lost mutation: You have a somewhat thin skeletal structure.
                  | (Dex +2, Stealth+) [potion of mutation]
 93247 | Pan      | Noticed Mnoleg
 93266 | Pan      | Killed Mnoleg
 93470 | Pan      | Reached skill level 5 in Ice Magic
 93598 | Pan      | Gained mutation: You have hidden genetic defects. [a
                  | neqoxec]
 93837 | Pan      | Got a glowing rune of Zot
 94432 | Pan      | Reached XP level 25. HP: 209/212 MP: 50/52
 94663 | Pan      | Entered the realm of Lom Lobon.
 94707 | Pan      | Got a magical rune of Zot
 94707 | Pan      | Noticed Lom Lobon
 94826 | Pan      | Noticed Takhof the pandemonium lord
 94829 | Pan      | Reached skill level 15 in Fighting
 94838 | Pan      | Killed Takhof the pandemonium lord
 94875 | Pan      | Gained mutation: You are vulnerable to cold. (rC-) [hidden
                  | defects]
 95004 | Pan      | Got the Anthology of Incendiary Shapes
 95094 | Pan      | Got a demonic rune of Zot
 95122 | Pan      | Acquired 857 gold pieces
 95232 | Pan      | Noticed Kijasirr the pandemonium lord
 95355 | Pan      | Noticed Lom Lobon
 95664 | Pan      | Entered the realm of Cerebov.
 95726 | Pan      | Reached skill level 1 in Transmutations
 95911 | Pan      | Identified the +8 halberd of Acuin {freeze, rPois rC+}
 96016 | Pan      | Identified the +4 broad axe of True Grit {antimagic, Int+2}
 96178 | Pan      | Found the +6 sword of Cerebov {flame}
 96178 | Pan      | Noticed Cerebov
 96330 | Pan      | Identified the +5 falchion "Sieth" {heavy, rCorr Str+3
                  | Int-2 Stlth+}
 96394 | Pan      | Identified the orb of Plasticity {guile, Str+3 SInv}
 96507 | Pan      | Identified the +0 ring mail of the Farrier {Dex+4}
 96522 | Pan      | Got a fiery rune of Zot
 96546 | Pan      | Identified the staff of air "Kerox" {rElec rC+}
 96548 | Pan      | Got the Precepts of Despicable Liturgies
 96652 | Pan      | Gained mutation: You are vulnerable to heat. (rF-) [a
                  | cacodemon]
 96662 | Pan      | Gained mutation: You occasionally lose the ability to read
                  | scrolls when taking damage. [hidden defects]
 96662 | Pan      | Lost mutation: You have hidden genetic defects. [hidden
                  | defects expressed]
 96742 | Pan      | Lost mutation: You passively dampen the noise of your
                  | surroundings. [potion of mutation]
 96742 | Pan      | Lost mutation: You are vulnerable to cold. (rC-) [potion of
                  | mutation]
 96742 | Pan      | Lost mutation: You occasionally lose the ability to read
                  | scrolls when taking damage. [potion of mutation]
 96758 | Pan      | Found the +6 sword of Cerebov {flame}
 96758 | Pan      | Noticed Cerebov
 96873 | Pan      | Found a runed translucent door.
 97092 | Pan      | Noticed Acsy the pandemonium lord
 97467 | Pan      | Entered the realm of Gloorx Vloq.
 97621 | Pan      | Identified the +7 rapier of Amorality {venom, rElec rF+}
 98427 | Pan      | Found an exit through the horrors of the Abyss.
 99021 | Pan      | Noticed Gloorx Vloq
 99248 | Pan      | Got a dark rune of Zot
 99438 | Pan      | Noticed Caekh the pandemonium lord
 99600 | Pan      | Noticed Beinket the pandemonium lord
 99608 | Pan      | Killed Beinket the pandemonium lord
100510 | Pan      | Reached XP level 26. HP: 228/228 MP: 50/52
101743 | Pan      | Noticed Diskaxta the pandemonium lord
101820 | Pan      | Killed Diskaxta the pandemonium lord
101933 | Depths:2 | Escaped Pandemonium
102205 | Crypt:1  | Entered Level 1 of the Crypt
102947 | Crypt:1  | You are sucked into a shaft and drop 1 floor!
104378 | Crypt:3  | Entered Level 3 of the Crypt
104540 | Crypt:3  | Identified the ring "Boannof" {rPois Str+5}
104543 | Crypt:3  | Found a magical portal.
104557 | WizLab   | Entered Cigotuvi's Fleshworks
104943 | WizLab   | Paralysed by a floating eye for 3 turns
105389 | WizLab   | Gained mutation: You occasionally lose the ability to read
                  | scrolls when taking damage. [a shining eye]
105495 | WizLab   | Identified the amulet "Qeshug" {+Inv rElec rC+ Regen+} (You
                  | took it off a yaktaur in a wizard's laboratory)
105620 | WizLab   | Got Cigotuvi's Compendium of the Vile Shift
106021 | Crypt:3  | Noticed a royal mummy
106024 | Crypt:3  | Killed a royal mummy
106249 | Crypt:3  | Noticed Mennas
106257 | Crypt:3  | Identified the +7 quarterstaff of Wyrd {antimagic, rCorr
                  | Int+6 Dex+5}
106279 | Crypt:3  | Killed Mennas
106533 | Crypt:3  | Found a runed translucent gate.
106533 | Crypt:3  | Found a runed translucent gate.
106533 | Crypt:3  | Found a runed translucent gate.
106534 | Crypt:3  | Noticed Zoalos's ghost (veteran GrEE)
106624 | Crypt:3  | Found a staircase to the Tomb.
106760 | Crypt:3  | Identified the ring "Seozy" {rC+ rN+}
106760 | Crypt:3  | Identified the ring "Mokousi" {rF- rN+ Int+2 Dex+3}
106955 | Crypt:3  | Killed Zoalos's ghost
106967 | Crypt:3  | Identified the ring "Oneugos" {Drain rElec MP+9 Int+4}
107086 | Tomb:1   | Entered Level 1 of the Tomb of the Ancients
107147 | Tomb:1   | Noticed a royal mummy
107151 | Tomb:1   | Killed a royal mummy
107153 | Tomb:1   | Noticed a royal mummy
107159 | Tomb:1   | Killed a royal mummy
107160 | Tomb:1   | Reached XP level 27. HP: 87/240 MP: 14/52
107287 | Tomb:1   | Reached skill level 15 in Conjurations
108583 | Tomb:1   | Reached skill level 24 in Earth Magic
109340 | Tomb:2   | Lost mutation: You occasionally lose the ability to read
                  | scrolls when taking damage. [potion of mutation]
109340 | Tomb:2   | Lost mutation: Your body often deteriorates upon taking
                  | damage. [potion of mutation]
109340 | Tomb:2   | Gained mutation: You have a pair of large horns on your
                  | head. [potion of mutation]
109340 | Tomb:2   | Gained mutation: You have a considerably increased
                  | reservoir of magic. (+20% MP) [potion of mutation]
109341 | Tomb:2   | Lost mutation: Your body sometimes deteriorates upon taking
                  | damage. [potion of mutation]
109341 | Tomb:2   | Lost mutation: You are vulnerable to heat. (rF-) [potion of
                  | mutation]
109341 | Tomb:2   | Gained mutation: You are agile. (Dex +4, Str/Int -1)
                  | [potion of mutation]
109341 | Tomb:2   | Gained mutation: You possess an exceptional clarity of
                  | mind. [potion of mutation]
109341 | Tomb:2   | Gained mutation: You occasionally lose the ability to drink
                  | potions when taking damage. [potion of mutation]
109341 | Tomb:2   | Gained mutation: Your muscles are strong. (Str +4, Int/Dex
                  | -1) [potion of mutation]
109342 | Tomb:2   | Lost mutation: You possess an exceptional clarity of mind.
                  | [potion of mutation]
109342 | Tomb:2   | Lost mutation: You are agile. (Dex +4, Str/Int -1) [potion
                  | of mutation]
109342 | Tomb:2   | Lost mutation: Your muscles are strong. (Str +4, Int/Dex
                  | -1) [potion of mutation]
109342 | Tomb:2   | Lost mutation: You occasionally lose the ability to drink
                  | potions when taking damage. [potion of mutation]
109342 | Tomb:2   | Gained mutation: Your flesh is cold resistant. (rC+)
                  | [potion of mutation]
109343 | Tomb:2   | Lost mutation: Your flesh is cold resistant. (rC+) [potion
                  | of mutation]
109343 | Tomb:2   | Lost mutation: You have a considerably increased reservoir
                  | of magic. (+20% MP) [potion of mutation]
109343 | Tomb:2   | Lost mutation: You have a pair of large horns on your head.
                  | [potion of mutation]
109343 | Tomb:2   | Gained mutation: Potions are less effective at restoring
                  | your health. [potion of mutation]
109343 | Tomb:2   | Gained mutation: You are strong-willed. (Will+) [potion of
                  | mutation]
109343 | Tomb:2   | Gained mutation: You have sharp toenails. [potion of
                  | mutation]
109344 | Tomb:2   | Lost mutation: Potions are less effective at restoring your
                  | health. [potion of mutation]
109344 | Tomb:2   | Lost mutation: You have a pair of horns on your head.
                  | [potion of mutation]
109344 | Tomb:2   | Lost mutation: You have sharp toenails. [potion of
                  | mutation]
109344 | Tomb:2   | Lost mutation: You are strong-willed. (Will+) [potion of
                  | mutation]
109344 | Tomb:2   | Gained mutation: You expend magic power (3 MP) to
                  | strengthen your wands. [potion of mutation]
109597 | Tomb:2   | Learned a level 6 spell: Statue Form
110352 | Tomb:2   | Reached skill level 25 in Earth Magic
110604 | Tomb:3   | Entered Level 3 of the Tomb of the Ancients
110620 | Tomb:3   | Reached skill level 26 in Earth Magic
110627 | Tomb:3   | HP: 15/312 [royal mummy/divine providence (9)]
110628 | Tomb:3   | Found the +5 woodcutter's axe
110631 | Tomb:3   | Killed by a royal mummy's death curse

Illustrated notes

Levels and vault maps discovered:
D:1:      lightli_iron_boxes, layout_loops_ring, serial_glass, glass_columns_a,
          glass_columns_a, glass_columns_a, glass_columns_b, glass_columns_c,
          hellmonk_ecumenical_altar_watching_god
D:2:      layout_basic
D:3:      layout_loops_cross, dk_yredelemnul_ordeal, minmay_rat_hole
D:4:      layout_loops_ring, nicolae_ru_path_of_blood, serial_shops,
          nicolae_shop_rolled_up, gup_sewer_entry_bubbles
D:5:      layout_layer_cave, amcnicky_altar_gilded, kennysheep_mini, st_stairs_8
D:6:      layout_rooms, ashenzari_conservatory_becter, minmay_temple_entry_grid
D:7:      layout_layer_cave, zin_academy, hangedman_feature_mirror
D:8:      layout_basic, jmf_multi_god_temple2, ebering_ghost_inner_flame,
          minmay_misc_feat_doors, uniq_joseph
D:9:      layout_basic, nicolae_uskayaw_en_pointe, grunt_ministairs_9
D:10:     layout_roguey, lightli_temple_of_fire, serial_shops, shop,
          nicolae_diamond_shop, shop, corexii_leaking_fountain,
          onia_ninara_cookie
D:11:     layout_long_grid, lair_entry_dummy, orc_0_dummy, serial_shops,
          freezing_bzr, uniq_nergalle
D:12:     layout_cave_pods, portal_ice_cave_entry_ice_simulacra,
          kennysheep_doodads, lightli_church_of_beogh
D:13:     layout_stronghold, ebering_ghost_disaster_area
D:14:     layout_roguey, david_vaults_4, serial_shops,
          nicolae_shop_window_shopping, uniq_frances
D:15:     hangedman_depths_entry_civil_slaughter, layout_long_grid,
          xom_teletrap_fun
Lair:1:   layout_cave_pods
Lair:2:   layout_layer_cave, uniq_gastronok
Lair:3:   layout_small_grid, swamp_mist_pool, guppyfry_snake_entry_garden,
          st_stairs_11, serial_bayou_pond_d
Lair:4:   layout_cave_pods, dpeg_slime_entry_corner,
          hellmonk_ghost_happy_afterlife, lemuel_fruit_fields,
          serial_bayou_shore_a, infiniplex_staircase_pool_2,
          serial_bayou_shore_b
Lair:5:   minmay_lair_end_enchanted_forest, layout_layer_cave,
          patterned_corridor, uniq_nessos, uniq_rupert, uniq_snorg
Swamp:1:  layout_basic_swamp, hangedman_swamp_diagram, swamp_pool5
Swamp:2:  nzn_winding_woodlands_medium [nzn_winding_woodlands_5x5_closed_star,
          nzn_winding_woodlands_5x15_sawtooth, nzn_winding_woodlands_5x5_cross,
          nzn_winding_woodlands_5x5_open_star,
          nzn_winding_woodlands_center_garden, nzn_winding_woodlands_hourglass,
          nzn_winding_woodlands_5x5_three,
          nzn_winding_woodlands_5x15_lazy_stream,
          nzn_winding_woodlands_5x5_checkerboard], layout_falls_marsh,
          evilmike_swamp_ruin_wall, swamp_pool5, hangedman_swamp_double_dragon,
          uniq_mlioglotl
Swamp:3:  layout_basic_swamp, nicolae_swamp_well_well_well, uniq_louise
Swamp:4:  byrel_swamp_growth_death_and_undeath, layout_basic_swamp, swamp_pool2
Snake:1:  layout_misc_corridors, uniq_azrael
Snake:2:  layout_basic
Snake:3:  layout_cave_town, minmay_shop_grid_forest, st_stairs_11, drop_trap,
          grunt_megastairs_2, uniq_vashnia
Snake:4:  snake_pit_salamanders_mu, layout_basic, uniq_aizul
Slime:1:  layout_caves, cheibrodos_slime_lost_civilization_5
Slime:2:  layout_caves
Slime:3:  layout_caves
Slime:4:  layout_caves
Slime:5
Orc:1:    layout_caves, nicolae_orc_lava_tube
Orc:2:    st_orc_town, layout_caves, serial_shops, nicolae_shop_trees, shop,
          uniq_saint_roka, uniq_erolcha
Elf:1:    minmay_elf_arrival_summoners, layout_onion_city, serial_shops, shop,
          minivault_28, nicolae_shop_gadgets, uniq_roxanne
Elf:2:    elven_hall_of_blades_hangedman_alternative [nicolae_blade_tridents],
          layout_onion_city, uniq_jorgrun, uniq_donald
Elf:3:    elf_hall, layout_loops_ring, serial_shops, bzr_entry_dummy,
          serial_sigils_hangedman_snap
Vaults:1: hangedman_vaults_trim, vaults_mumra_hex, v_alt_pattern_5,
          vaults_room_pool, nicolae_vaults_trapezoid_layered, v_misc_5,
          hangedman_vaults_stagger, v_misc_17, nicolae_vaults_network_quincunx
          [nicolae_vaults_network_quincunx_subvault,
          nicolae_vaults_network_quincunx_subvault,
          nicolae_vaults_network_quincunx_subvault,
          nicolae_vaults_network_quincunx_subvault,
          nicolae_vaults_network_quincunx_subvault], vaults_room_ringed_pool,
          layout_vaults_maze_snakey
Vaults:2: vaults_standard_mumra_lines, nicolae_vaults_holding_cells,
          nicolae_vaults_cornered_office, vaults_dpeg_encased_lava, v_misc_29,
          nicolae_vaults_sightless_eye, v_misc_8, nicolae_vaults_alarming,
          nicolae_vaults_more_shelving_1, hangedman_vaults_corner_blocks,
          nicolae_vaults_little_ls, layout_vaults_big_cross, uniq_margery,
          uniq_sojobo
Vaults:3: nicolae_vaults_sesquioval_fish, minmay_crypt_entry_necro_gods,
          st_star, nicolae_vaults_tetromino_Z_1,
          nicolae_vaults_door_testing_chamber,
          nicolae_vaults_doubleplus_tesselated, ontoclasm_vaults_ring_small,
          vaults_mumra_minichess_inversion, vaults_mumra_minichess,
          hangedman_vaults_snaps, layout_vaults_quadrants, serial_shops, shop,
          shop, shop, nicolae_shop_peninsula
Vaults:4: v_misc_19, v_misc_3, grunt_vaults_trifunnel,
          grunt_vaults_hallway_long, vaults_room_octagon,
          ontoclasm_vaults_ring_square, v_misc_13, nicolae_vaults_prndl,
          nicolae_vaults_asterisk, v_misc_1, nicolae_vaults_asterisk,
          grunt_vaults_hallway_long, nicolae_vaults_trapezoid_lopsided_3,
          nicolae_vaults_taking_the_gang_shopping,
          nicolae_vaults_surprise_closet, layout_vaults_omnibox, serial_shops,
          nicolae_shop_tiny_glass
Vaults:5: uniq_xtahua, uniq_bai_suzhen
Crypt:1:  layout_chaotic_city, hex_large, grunt_crypt_arrival_webbed
Crypt:2:  layout_regular_city, nicolae_nh_vlads_tower
Crypt:3:  lightli_unholy_cathedral, layout_chaotic_city,
          nicolae_tomb_entry_unfolded_pyramid_orthogonal,
          infiniplex_enter_wizlab_water, basic_altar,
          gammafunk_ghost_necromancy, uniq_mennas
Tomb:1
Tomb:2
Tomb:3
Depths:1: minmay_strange_plus, layout_honeycomb, enter_ziggurat_c,
          okawaru_trees_2, serial_shops, bzr_entry_gold,
          pf_hell_entry_tar_river, laboratory
Depths:2: nicolae_BIG_FREAKIN_CUBE, layout_gridlike,
          infiniplex_staircase_spiral_double, pan_entry, special_room
          [special_room_jelly], grunt_mini_vestibule, uniq_grunn
Depths:3: wad_courtyard, layout_cave_pools, hellmouth_1, abyss_entry,
          fedhas_altar_4, grunt_ministairs_9, drop_trap, hangedman_decor_points
Depths:4: grunt_zot_entry_alcove, layout_cave_pools, pf_hell_entry_great_geh,
          bh_walls_and_bars, drop_trap, uniq_josephina, uniq_jory,
          uniq_frederick

Skill      XL: |  1  2  3  4  5  6  7  8  9 10 11 12 13 14 15 16 17 18 19 20 21 22 23 24 25 26 27 |
---------------+----------------------------------------------------------------------------------+-----
Earth Magic    | 3 4 5 7 8 12 15 16 19 22 23 26 | 26.2
Spellcasting   | 2 3 4 9 10 11 13 17 19 | 19.0
Armour         | 3 4 9 12 13 | 13.1
Fighting       | 4 6 7 9 11 12 14 17 18 | 18.7
Stealth        | 5 7 9 12 13 16 20 22 | 22.3
Dodging        | 2 3 6 7 |  7.1
Evocations     | 5 8 |  8.3
Necromancy     | 4 |  4.6
Conjurations   | 7 8 11 14 16 | 16.1
Ice Magic      | 3 7 |  7.7
Air Magic      | 3 |  3.3
Shields        | 4 6 |  6.1
Maces & Flails | 4 |  4.4
Transmutations | 2 |  2.1

Action                     |  1- 3 |  4- 6 |  7- 9 | 10-12 | 13-15 | 16-18 | 19-21 | 22-24 | 25-27 || total
---------------------------+-------+-------+-------+-------+-------+-------+-------+-------+-------++-------
  Melee: Unarmed           |     1 |       |       |       |       |       |       |       |       ||     1
         Morningstar       |    11 |    30 |    20 |       |     4 |     4 |    59 |    27 |       ||   155
         Staff             |       |       |       |     4 |    13 |       |       |     8 |     8 ||    33
         Headbutt          |       |       |       |       |       |       |       |       |     1 ||     1
   Cast: Sandblast         |    59 |    67 |   190 |   312 |   360 |   111 |   101 |    10 |    23 ||  1233
         Stone Arrow       |       |       |     6 |   146 |   253 |   346 |   183 |   198 |   239 ||  1371
         Ensorcelled Hiber |       |       |       |     3 |       |       |       |       |       ||     3
         Ozocubu's Armour  |       |       |       |     2 |       |       |       |       |       ||     2
         Borgnjor's Vile C |       |       |       |    22 |   109 |   175 |    87 |    17 |     7 ||   417
         Freezing Cloud    |       |       |       |       |    72 |    72 |    34 |    20 |     4 ||   202
         Iron Shot         |       |       |       |       |   129 |   145 |   113 |   174 |   511 ||  1072
         Fireball          |       |       |       |       |     7 |    14 |       |       |       ||    21
         Lee's Rapid Decon |       |       |       |       |       |    13 |    10 |       |     1 ||    24
         Shatter           |       |       |       |       |       |    47 |   220 |   142 |   224 ||   633
         Swiftness         |       |       |       |       |       |     1 |       |       |       ||     1
         Lehudib's Crystal |       |       |       |       |       |       |       |    57 |    15 ||    72
         Statue Form       |       |       |       |       |       |       |       |       |     6 ||     6
  Evoke: Wand              |       |       |       |    15 |     1 |     4 |       |     5 |     5 ||    30
         Phantom mirror    |       |       |       |       |       |       |     1 |     2 |       ||     3
         Lightning rod     |       |       |       |       |       |       |       |     1 |       ||     1
    Use: Scroll            |     7 |       |     8 |    18 |    16 |    15 |     8 |    24 |    25 ||   121
         Potion            |     2 |       |       |     8 |    15 |     5 |     3 |    11 |    20 ||    64
   Stab: Sleeping          |     1 |       |     1 |       |       |       |     1 |       |       ||     3
 Armour: Robe              |    13 |       |       |   124 |   291 |   171 |   166 |    38 |       ||   803
         Ring mail         |     1 |    65 |    76 |     8 |       |       |       |       |       ||   150
         Quicksilver drago |       |       |       |       |       |       |       |   211 |   368 ||   579
         Skin              |       |       |       |       |       |       |       |       |   120 ||   120
  Dodge: Dodged            |    34 |    47 |    73 |   229 |   372 |   237 |   443 |   197 |   471 ||  2103
         Repelled          |       |       |       |       |       |     1 |       |       |       ||     1
  Block: Buckler           |       |       |       |       |    68 |   144 |   170 |   148 |   289 ||   819
